[Event "Romanian Team Blitz Open 2022"]
[Site "Sebes"]
[Date "2022.12.04"]
[Round "7.17"]
[White "Costachi, Mihnea"]
[Black "Stefan, Romulus-Cristian"]
[Result "1-0"]
[ECO "A42"]
[WhiteElo "2476"]
[BlackElo "2097"]
[Annotator "TA"]
[PlyCount "85"]
[EventDate "2022.12.04"]
[EventType "blitz"]
[EventCountry "ROU"]
[SourceTitle "playchess.com"]
[Source "ChessBase"]
[SourceQuality "1"]
[TimeControl "180+2"]

1. d4 d6 2. c4 g6 3. e4 Bg7 4. Nc3 Nc6 5. Be3 e5 6. d5 Nd4 7. Nge2 Nxe2 8. Bxe2 (8. Nxe2 Nh6 $11) 8... Bh6 {[%emt 0:00:01] A42: Modern Defence: Averbakh Variation.} 9. Bxh6 Nxh6 10. Qd2 Ng4 {[%emt 0:00:03] White is better.} 11. O-O O-O {[%emt 0:00:04] [#]} 12. Bxg4 $146 ({Predecessor:} 12. a4 Qe7 13. h3 Nf6 14. a5 Bd7 15. b4 Rab8 16. Qh6 b6 17. Rfc1 Rfc8 18. Ra2 {½-½ (79) Semmler,R (2391)-Milde,L (2355) ICCF email 2020}) 12... Bxg4 13. f4 Bd7 14. fxe5 dxe5 15. c5 a5 16. Rad1 Kg7 17. Qe3 h6 18. c6 (18. Qd3 {simplifies} Rc8 19. h3 Qe7 20. Qc4) 18... Bc8 19. cxb7 {[%emt 0:00:19] White has more active pieces. The black rooks are badly placed.} Bxb7 20. Rf2 Ba6 21. Na4 Qd6 22. Rc1 (22. Nc5 {is more complex.} a4 23. h4 Bb5 24. h5) 22... Bb5 {[%emt 0:00:03] Against Rc6} 23. Nc5 a4 24. Qc3 Ra7 (24... c6 $14) 25. h3 (25. Qb4 $142 Bd7 26. h3) 25... Re8 (25... c6 $142) 26. Qe3 ({Don't do} 26. Qf3 c6 $14) (26. b3 $1 $16) 26... Qb6 $2 (26... Rea8 $14) 27. Qf3 $1 $18 Re7 {[%emt 0:00:01] [#]} (27... c6 28. Qf6+ Kh7) 28. Kh2 $2 (28. Ne6+ $1 $18 {[%mdl 512] and the rest is easy.} Kh7 29. Qf6 Qxe6 30. dxe6) 28... Qd6 $16 29. Rfc2 ({White should try} 29. b3 $16) 29... Qf6 30. Qxf6+ Kxf6 31. Kg3 (31. Rf2+ $16 Kg7 32. Rc3) 31... Kg7 32. Kf3 f5 (32... Re8 $14) 33. Ne6+ Kf6 34. Rxc7 (34. Nxc7 $16 Rb7 35. Ke3) 34... Bd3 (34... Rexc7 $14 35. Nxc7 (35. Rxc7 Rxc7 36. Nxc7 fxe4+ 37. Kxe4 Bf1 $11) 35... Bd7) 35. exf5 {[%emt 0:00:04] Strongly threatening d6.} gxf5 36. Rxa7 ({Better is} 36. d6 $16 Raxc7 37. dxc7) 36... Rxa7 {[%emt 0:00:03][%mdl 4096] Endgame KRB-KRN} (36... Be4+ $11 37. Kf2 Rxa7) 37. Nc5 $1 $18 Bb5 {[%emt 0:00:09] [#]} 38. Ke3 (38. g4 $1 $18) 38... Ke7 (38... Ra8 $14) 39. g4 $16 f4+ {[%emt 0:00:14] [#]} 40. Ke4 $2 (40. Kf3 $1 $18) 40... Kd6 $11 {[%emt 0:00:00] aiming for ...Rc7.} 41. Ne6 {[%emt 0:00:04] Against Rc7} (41. b4 $11 {was preferrable.}) 41... Rf7 ({Black should play} 41... Be8 $15) 42. Nd8 Ra7 (42... Rd7 $11 43. Nc6 f3 44. Kxf3 (44. Nxe5 Re7 $19) 44... Kxd5 45. Nb4+ Kd4) 43. Rb1 $2 {[%mdl 40960] Weighted Error Value: White=0.39/Black=0.50. Loss on time!?} (43. Nc6 $14 {stays ahead.} Rc7 44. Rc2) 1-0

[Event "Romanian Team Blitz Open 2022"]
[Site "Sebes"]
[Date "2022.12.04"]
[Round "7.18"]
[White "Arion, Ilie"]
[Black "Sfarlog, Tudor-Vlad"]
[Result "0-1"]
[ECO "B08"]
[WhiteElo "1924"]
[BlackElo "2283"]
[Annotator "TA"]
[PlyCount "130"]
[EventDate "2022.12.04"]
[EventType "blitz"]
[EventCountry "ROU"]
[SourceTitle "playchess.com"]
[Source "ChessBase"]
[SourceQuality "1"]
[TimeControl "180+2"]

1. d4 g6 2. e4 Bg7 3. Nc3 d6 4. Be3 a6 5. Nf3 Nf6 6. h3 O-O 7. a4 Nc6 $1 {[%emt 0:00:11][%mdl 4] is recently more successful than 7...b6.} 8. Be2 Nd7 {[%emt 0:00:29] B08: Pirc Defence: Classical System.} 9. O-O e5 10. Qd2 {[%emt 0:00:11] [#]} (10. Bg5 {keeps more tension.} f6 11. Be3 exd4 12. Nxd4 Nxd4 13. Qxd4 f5 14. Qd5+) 10... a5 $146 {[%emt 0:00:11] White is slightly better.} ({Predecessor:} 10... Re8 11. Rfe1 exd4 12. Nxd4 Nxd4 13. Bxd4 Nf6 14. Bc4 Bd7 15. Rad1 Bc6 16. f3 Nh5 17. Bxg7 Kxg7 {1-0 (80) Samusenko,M (2461)-Trushnikov,S (2525) Sochi 2021}) 11. Bc4 (11. dxe5 {simplifies} Ndxe5 12. Nxe5 dxe5 13. Qxd8 Rxd8 14. Nd5) 11... exd4 12. Nxd4 Nc5 13. Nxc6 bxc6 14. Bxc5 dxc5 15. Qe3 Bd4 16. Qf3 Rb8 17. Bb3 $2 ({White should play} 17. Nd1 $1 $11) 17... Qe7 (17... Ba6 $142 $1 18. Rfd1 c4) 18. Rab1 Rb4 {[%emt 0:00:13] Inhibits Bc4. Black is more active.} 19. Ne2 {[%emt 0:00:06] Against c4} (19. Na2 $17 Rb6 20. Rfd1) 19... Be5 $1 $19 {[%emt 0:00:01] Threatens to win with ...c4.} 20. Qd3 {[%emt 0:00:23] Prevents c4.} (20. Ba2 {might work better.}) 20... c4 $2 (20... Rd8 $19 21. Qe3 Rxe4 $3 22. Qxe4 (22. Bxf7+ $2 Kxf7 23. Qf3+ Bf6 $19) 22... Bh2+ $1 23. Kxh2 Qxe4) 21. Bxc4 $15 Rd8 {[%emt 0:00:00] Against b3} 22. Qa3 Bxh3 23. gxh3 {[%emt 0:00:08] aiming for Ba6.} (23. Bxf7+ {simplifies} Qxf7 24. Qxh3 Rxe4 25. Nc3) 23... Qg5+ 24. Kh1 Rxc4 25. f4 Qh5 $36 {[%emt 0:00:02][%mdl 2048] Black has the initiative.} 26. Qf3 {[%emt 0:00:17] Black continues to play with concentration.} (26. fxe5 $11 {and White is okay.} Qxe2 27. Rbe1) 26... Qxf3+ $19 (26... Rxc2 27. Qxh5 gxh5 28. fxe5 $17) 27. Rxf3 Rxc2 28. fxe5 {[%emt 0:00:03] Hoping for Nf4.} Rxe2 {[%emt 0:00:01][%mdl 4096] Endgame KRR-KRR} 29. Rbf1 (29. e6 {keeps fighting.}) 29... Rd7 ({Stronger than} 29... Rxb2 30. Rxf7 Rdd2 31. Rf8+ Kg7 32. R1f7+ Kh6 33. e6 $17) 30. e6 fxe6 31. Rf8+ Kg7 32. R1f2 Rxf2 (32... Rxe4 $2 {loses.} 33. Re8 $19) 33. Rxf2 {[%emt 0:00:01] KR-KR} Rd4 34. Rc2 Rxa4 (34... Rxe4 $2 {perishes.} 35. Rxc6 Rxa4 36. Rxc7+ Kh6 37. Ra7 $19) 35. Rxc6 Rxe4 36. Rxc7+ Kh6 37. Ra7 a4 38. Kg2 Re2+ (38... Kg5 $142 39. Rb7 Rd4 40. Rxh7 Rb4) 39. Kf3 Rxb2 40. Rxa4 Kg5 {[%emt 0:00:04] Strongly threatening ...Rb3+.} 41. Re4 $2 (41. h4+ Kf6 42. Rf4+ Ke7 43. Rg4) 41... Rb3+ 42. Kg2 Kf5 43. Ra4 e5 (43... h5 $142 44. h4 e5) 44. Ra5 Rb4 45. Ra7 h5 46. Rf7+ Kg5 47. Re7 Kf6 48. Re8 Rf4 {[%emt 0:00:01] White must now prevent ...Ra4.} 49. Kg3 h4+ 50. Kg2 e4 {[%emt 0:00:02][%cal Be5e4,Be4e3][%mdl 32] And now ...Kf5 would win.} 51. Rf8+ Ke5 52. Rg8 e3 53. Rg7 Kd4 54. Rd7+ Kc3 55. Rc7+ Kd2 56. Rd7+ Ke1 57. Rd6 g5 (57... Rf2+ $142 58. Kg1 Rf3 59. Rxg6 e2 60. Rg8 Rd3 61. Re8 Rg3+ 62. Kh2 Kf2 63. Rf8+ Rf3 64. Rg8 e1=Q 65. Rg2+ Ke3 66. Rg8 Qd2+ 67. Rg2 Qd6+ 68. Kh1 Rxh3+ 69. Kg1 Qd1#) 58. Rd5 e2 {[%emt 0:00:04] Black mates.} 59. Rxg5 Rd4 60. Ra5 Kd2 61. Ra2+ {[%emt 0:00:01] [#]} Ke3 $1 62. Ra3+ {[%emt 0:00:01] [#]} Rd3 $1 63. Ra1 Rd1 64. Ra3+ Kd4 65. Ra4+ Kc5 {[%emt 0:00:06] Weighted Error Value: White=0.91/Black=0.35} 0-1

[Event "Romanian Team Blitz Open 2022"]
[Site "Sebes"]
[Date "2022.12.04"]
[Round "7.19"]
[White "Ileana, George"]
[Black "Craciun, Ovidiu"]
[Result "1-0"]
[ECO "C78"]
[WhiteElo "2343"]
[BlackElo "1857"]
[Annotator "TA"]
[PlyCount "61"]
[EventDate "2022.12.04"]
[EventType "blitz"]
[EventCountry "ROU"]
[SourceTitle "playchess.com"]
[Source "ChessBase"]
[SourceQuality "1"]
[TimeControl "180+2"]

1. e4 e5 2. Nf3 Nc6 3. Bb5 a6 4. Ba4 Nf6 5. d3 Bc5 6. O-O b5 7. Bb3 O-O 8. c3 d6 9. Nbd2 {[%emt 0:00:03][%cal Bb1d2,Bd2f1,Bf1g3][%mdl 32] C78: Ruy Lopez: Archangelsk and Möller Defences.} h6 10. Re1 $1 {[%emt 0:00:03] 10.Re1 is better than 10.h3.} Be6 11. Nf1 {[%emt 0:00:05] White has an edge.} Bb6 12. h3 {[%emt 0:00:05] [#]} Bxb3 $146 ({Predecessor:} 12... Re8 13. Ng3 d5 14. Qe2 Qd7 15. Kh2 Rad8 16. Nh4 Na5 17. Bc2 dxe4 18. dxe4 Kh7 {0-1 (32) Sadikhov,U (2479)-Sargsyan,S (2512) Chess.com INT 2019}) 13. axb3 (13. Qxb3 {keeps more tension.} Qd7 14. Bd2 Rfd8 15. a4) 13... Ne7 14. Ng3 c5 15. Nh4 Bc7 16. Nhf5 d5 ({Black should try} 16... Kh7 $14) 17. Qf3 $16 {[%emt 0:00:05][%cal Oc1h6] [#] And now Bxh6! would win. White has more active pieces. The black rooks are badly placed.} dxe4 {[%emt 0:00:05] Loses the game.} (17... Nxf5 $16 18. Nxf5 Kh8) 18. dxe4 Ng6 $2 (18... Nxf5 19. Nxf5 Kh8) 19. Be3 {[%emt 0:00:06] Strongly threatening Rad1.} Nd7 $2 (19... Nf4 20. Bxc5 Re8) 20. Nh5 $18 {[%emt 0:00:11] White is clearly winning.} Nh4 21. Qg4 {[%emt 0:00:06][%csl Gf5,Gh5][%cal Rg4g7] [#]} Nxf5 22. exf5 g6 23. Bxh6 Nf6 24. Nxf6+ Qxf6 25. Bxf8 Kxf8 26. fxg6 fxg6 27. Re3 {[%emt 0:00:04] Black must now prevent Rf3.} Kg7 28. Qd7+ Qf7 29. Rd3 Rf8 30. Qxf7+ Rxf7 31. Rxa6 {[%emt 0:00:00] Weighted Error Value: White=0.51/Black=0.53} 1-0

[Event "Romanian Team Blitz Open 2022"]
[Site "Sebes"]
[Date "2022.12.04"]
[Round "7.20"]
[White "Stefan, Iulia-Cristiana"]
[Black "Tampea, Radu"]
[Result "1-0"]
[ECO "B25"]
[WhiteElo "1662"]
[BlackElo "2110"]
[Annotator "TA"]
[PlyCount "77"]
[EventDate "2022.12.04"]
[EventType "blitz"]
[EventCountry "ROU"]
[SourceTitle "playchess.com"]
[Source "ChessBase"]
[SourceQuality "1"]
[TimeControl "180+2"]

1. e4 c5 2. Nc3 Nc6 3. g3 g6 4. Bg2 Bg7 5. d3 d6 6. Nh3 h6 {[%emt 0:00:02] B25: Closed Sicilian: 3 g3, lines without early Be3.} 7. O-O e6 8. Be3 Nge7 {[%emt 0:00:01] The position is equal.} 9. Qd2 a6 10. f4 {[%emt 0:00:02] [#]} b5 $146 (10... f5 $11) ({Predecessor:} 10... Bd4 11. Nd1 Bd7 12. c3 Bg7 13. Ndf2 Qc7 14. e5 b6 15. d4 Rd8 16. Ne4 Nf5 {1-0 (27) Bierwisch,B (2167)-Spurga,J (1899) Oberstdorf 2002}) 11. f5 (11. e5 $1 $16) 11... Bd4 (11... exf5 $11 12. Rae1 fxe4) 12. Rae1 (12. f6 $142) 12... Qc7 13. Nd1 (13. Nf4 $16) 13... Bb7 ({Black should play} 13... exf5 $14 14. Nf4 Be5) 14. c3 $18 Bxe3+ 15. Nxe3 {[%emt 0:00:03] Black must now prevent fxe6.} O-O-O (15... g5 $142 16. fxe6 fxe6) 16. fxe6 fxe6 {[%emt 0:00:02] [#]} 17. Nf4 $1 Rdf8 18. Nxe6 Rxf1+ 19. Rxf1 ({Don't do} 19. Kxf1 $6 Qd7 $16) 19... Qd7 20. Nf4 Kb8 21. Nfd5 Ne5 (21... Qd8 $142 22. Nf6 Ka7) 22. Nxe7 Qxe7 23. Nd5 (23. d4 $18 Nd7 24. Nd5 Bxd5 25. exd5) 23... Bxd5 24. exd5 g5 25. d4 cxd4 26. Qxd4 Nd7 {[%emt 0:00:12][%mdl 8192] Inhibits Qb6+. A mistake that costs the game.} (26... Qc7 $16 27. Kh1 h5) 27. Qxh8+ Kb7 28. Qd4 Nc5 29. b4 Nd7 30. Qd2 Ne5 31. Re1 h5 32. Qe2 {[%emt 0:00:08][%cal Oe2e5] Hoping for Qxe5!} h4 33. Rf1 hxg3 34. hxg3 Qc7 {[%emt 0:00:02] [#]} 35. Qe3 (35. Qxe5 $142 $3 dxe5 36. d6+ e4 37. dxc7 Kxc7 38. Bxe4 Kd6 39. Bb7 Kd7 40. Bxa6) 35... g4 36. Rf6 {[%emt 0:00:04] White mates.} Qd8 37. Re6 Qc7 {[%emt 0:00:03] [#]} 38. Rxe5 $1 dxe5 (38... Kc8 39. Re8+) 39. d6+ {[%emt 0:00:01] Weighted Error Value: White=0.30/Black=0.46} 1-0

[Event "Romanian Team Blitz Open 2022"]
[Site "Sebes"]
[Date "2022.12.04"]
[Round "7.21"]
[White "Zaim, Marian"]
[Black "Patrascu, Catalin-Lucian"]
[Result "0-1"]
[ECO "A12"]
[WhiteElo "1935"]
[BlackElo "2279"]
[Annotator "TA"]
[PlyCount "98"]
[EventDate "2022.12.04"]
[EventType "blitz"]
[EventCountry "ROU"]
[SourceTitle "playchess.com"]
[Source "ChessBase"]
[SourceQuality "1"]
[TimeControl "180+2"]

1. Nf3 d5 2. c4 c6 3. g3 Nf6 4. Qc2 Bg4 5. Bg2 Nbd7 6. O-O e6 7. b3 Be7 8. Bb2 O-O 9. d3 a5 10. a3 Qb6 11. Nbd2 Rfe8 {[%emt 0:00:16] A12: English Opening: 1...c6 with b3 by White.} 12. Bc3 c5 {[%emt 0:00:08] [#]} 13. h3 $146 {[%emt 0:00:14] Against d4} ({Predecessor:} 13. e3 Bd6 14. h3 Bh5 15. g4 Bg6 16. Nh4 Qc6 17. f4 Qc7 18. Nxg6 hxg6 19. Nf3 {1-0 (59) Cacheiro Martinez,M-Rojas,C IECG email 2000}) 13... Bh5 {[%emt 0:00:03] The position is equal.} 14. Bb2 d4 15. e4 Bxf3 16. Nxf3 Bd6 {[%emt 0:00:17] Against e5} 17. Rae1 e5 18. Nh4 a4 19. bxa4 Qa6 20. Nf5 Bf8 21. f4 Qxa4 22. Re2 ({White should play} 22. Qxa4 $15 Rxa4 23. Bf3) 22... b5 {[%emt 0:00:17] [#] And now ...bxc4 would win.} 23. cxb5 Qxb5 24. Rc1 {[%emt 0:00:05] Now White is beyond hope.} (24. Kh2 $17) 24... g6 $19 25. Nh4 Bh6 26. Rf2 (26. Nf3 {keeps fighting.}) 26... Nh5 27. Rcf1 Nxg3 28. Rb1 Qa4 (28... exf4 $2 {is the wrong capture.} 29. Bxd4 Qa6 30. Bc3 $19) 29. Qxa4 Rxa4 30. Bc1 Bxf4 31. Bxf4 exf4 32. Ra2 Ne5 33. Rb3 Nh5 34. Kf2 (34. Nf3 $142) 34... Rc8 (34... Nf6 $142 35. Kg1 c4 36. dxc4 Rxc4) 35. Bf3 $2 (35. Nf3 {was forced.} f6 36. Nxe5 fxe5 37. Bf3) 35... Nf6 36. Ng2 g5 37. Be2 (37. Ne1 $142) 37... Kg7 38. h4 (38. Ne1 $142 c4 39. dxc4) 38... h6 39. Rb5 Nfg4+ 40. Ke1 Ne3 41. hxg5 Nxg2+ {[%emt 0:00:04] Pair of Knights!} 42. Kf2 {[%emt 0:00:00] [#]} hxg5 $1 {[%emt 0:00:03] White must now prevent ...Ne3.} 43. Kxg2 g4 {[%emt 0:00:03] Hoping for ...f3+.} 44. Bf1 Kg6 {[%emt 0:00:08] ...g3 is the strong threat.} 45. Rb6+ f6 {[%emt 0:00:01] aiming for ...g3.} 46. Rb7 Rh8 {[%emt 0:00:05] ( -> ...g3)} 47. Rb5 g3 {[%emt 0:00:02] Black mates.} 48. Rbb2 Rh2+ 49. Kg1 Nf3# {[%emt 0:00:12] Weighted Error Value: White=0.77/Black=0.51} 0-1

[Event "Romanian Team Blitz Open 2022"]
[Site "Sebes"]
[Date "2022.12.04"]
[Round "7.22"]
[White "Creanga, Robert-Ionut"]
[Black "Tinta, Gheorghe"]
[Result "1-0"]
[ECO "B38"]
[WhiteElo "2190"]
[BlackElo "1855"]
[Annotator "TA"]
[PlyCount "68"]
[EventDate "2022.12.04"]
[EventType "blitz"]
[EventCountry "ROU"]
[SourceTitle "playchess.com"]
[Source "ChessBase"]
[SourceQuality "1"]
[TimeControl "180+2"]

1. d4 d6 2. Nf3 g6 3. c4 Bg7 4. Nc3 Nf6 5. e4 O-O 6. Be2 c5 7. O-O cxd4 8. Nxd4 Nc6 9. Be3 Bd7 10. h3 Rc8 11. Qd2 {[%emt 0:00:00] B38: Sicilian: Maroczy Bind with 5...Bg7 and 7...0-0.} Ne5 12. b3 Qa5 13. Rac1 {[%emt 0:00:00] White is better.} a6 14. Rfd1 {[%emt 0:00:00] [#]} b5 $146 ({Better is} 14... Rfe8 $14) ({Predecessor:} 14... Bc6 15. f3 Rfe8 16. Nxc6 Nxc6 17. f4 Rcd8 18. Bf3 Qc7 19. Qf2 Qb8 20. Nd5 b5 21. cxb5 Nxd5 22. exd5 {1-0 (46) Sherwood,P (1671)-MacIntyre,B (1500) San Francisco 2016}) 15. Nd5 Qd8 (15... Qxd2 $16 {was necessary.} 16. Nxe7+ (16. Bxd2 Nxd5 17. cxd5 Nd3 $11) 16... Kh8 17. Bxd2 (17. Rxd2 Rce8 $16) 17... Rce8) 16. Nxf6+ $18 ({Don't do} 16. cxb5 axb5 17. Nxf6+ (17. Nxb5 Nxe4 18. Rxc8 Bxc8 $16) (17. Bxb5 Nxd5 18. exd5 Bxb5 $16) 17... Bxf6 $18) 16... Bxf6 17. cxb5 axb5 18. Bxb5 ({But not} 18. Nxb5 Rxc1 19. Rxc1 Qb8) 18... Bxb5 19. Nxb5 Qd7 20. a4 Qe6 21. Rxc8 Rxc8 22. Rb1 Nc6 23. f3 Ne5 (23... h5 $142 24. Bb6 Ne5) 24. a5 Qd7 25. Qe2 Rb8 (25... Qb7 {is a better defense.} 26. Bf2 Rb8) 26. Bb6 Nc6 27. b4 Ne5 (27... e6 $142 28. Qd2 Bd8 29. Bxd8 (29. Qxd6 Bxb6+ 30. axb6 Qb7 $16) 29... Qxd8) 28. Rc1 {[%emt 0:00:08] Hoping for f4.} e6 $2 {[%emt 0:00:02] [#]} (28... Bg5 29. Rc7 Qe8) 29. Rc7 Qe8 (29... Qd8 30. Qc2 Bg5) 30. Nxd6 Qa4 31. Rc8+ $2 (31. Qd2 $18) 31... Rxc8 $11 32. Nxc8 {[%emt 0:00:02] Threatens to win with f4.} Qxb4 {[%emt 0:00:05] [#]} 33. Na7 ({White has to play} 33. a6 $1 $16) 33... Qb1+ 34. Qf1 Qb2 {[%emt 0:00:02] Weighted Error Value: White=0.72/Black=0.66} (34... Qb4 $11 {keeps the balance.}) 1-0

[Event "Romanian Team Blitz Open 2022"]
[Site "Sebes"]
[Date "2022.12.04"]
[Round "7.23"]
[White "Dumitrascu, Daniel"]
[Black "Butolo, Alexandru-Mircea"]
[Result "0-1"]
[ECO "B45"]
[WhiteElo "1694"]
[BlackElo "2043"]
[Annotator "TA"]
[PlyCount "32"]
[EventDate "2022.12.04"]
[EventType "blitz"]
[EventCountry "ROU"]
[SourceTitle "playchess.com"]
[Source "ChessBase"]
[SourceQuality "1"]
[TimeControl "180+2"]

1. e4 c5 2. Nf3 e6 3. d4 cxd4 4. Nxd4 Nf6 5. Nc3 Nc6 6. Nxc6 bxc6 7. e5 Nd5 8. Ne4 Qc7 9. f4 $1 Rb8 {[%emt 0:00:01] B45: Sicilian Four Knights.} 10. c4 {[%emt 0:00:15] Inhibits f6.} Bb4+ 11. Bd2 $2 ({Don't play} 11. Kf2 f5 12. exf6 Nxf6 13. Nxf6+ gxf6 $11) (11. Ke2 $1 $14 {keeps the upper hand.}) 11... Nxf4 $17 {[%emt 0:00:40] Black is better.} 12. Bxb4 {[%emt 0:00:10] [#] aiming for Nd6+.} Rxb4 $4 {[%emt 0:00:02][%mdl 8192] [#]} (12... Qxe5 $1 $17 {stays on course.} 13. Qd6 Qxe4+ 14. Kd2 {[#]} Rxb4 $1 15. Qxb4 Nxg2 16. Bxg2 Qxg2+ 17. Kc3 Qf3+ 18. Kc2 Qf5+ 19. Kb3 c5) 13. Nd6+ $146 ({Predecessor:} 13. Qd2 Qxe5 14. Qxb4 Qxe4+ 15. Kd1 d5 16. Qd2 e5 17. cxd5 O-O 18. d6 Bg4+ 19. Kc1 {1-0 (31) Golsta,M (1941)-Kaufman,R (2255) Chess.com INT 2020}) 13... Ke7 {[%emt 0:00:23] ...Qa5 is the strong threat.} 14. Qd2 ({Weaker is} 14. Qg4 Ng6 15. O-O-O Qb6 16. Qg5+ f6 17. exf6+ gxf6 $16) 14... Qa5 (14... Rxb2 $142 15. Qxb2 Qa5+ 16. Kf2 Qc5+ 17. Kf3 Ng6) 15. g3 $4 (15. Qxf4 Rxb2+ 16. Kd1 Qa4+ 17. Ke1 Qb4+ 18. Kd1 f6 $11) (15. O-O-O $18 {is the narrow road to win. Threatening mate with Nxc8+.} Rxc4+ 16. Bxc4 Qxd2+ 17. Rxd2) 15... Qxe5+ $19 16. Kf2 (16. Kd1 $142 Nd5 17. cxd5 Rxb2 18. Qf4 (18. Nf5+ $2 exf5 19. Qe1 Qxe1+ 20. Kxe1 cxd5 $19) 18... Kxd6 19. Qxe5+ Kxe5 20. dxc6) 16... Rxb2 {[%emt 0:00:06] Weighted Error Value: White=1.53/Black=0.96} 0-1

[Event "Romanian Team Blitz Open 2022"]
[Site "Sebes"]
[Date "2022.12.04"]
[Round "7.24"]
[White "Prelipcean, Eric-Matei"]
[Black "Carac, Radu-Ionut"]
[Result "0-1"]
[ECO "A59"]
[WhiteElo "1909"]
[BlackElo "1569"]
[Annotator "TA"]
[PlyCount "48"]
[EventDate "2022.12.04"]
[EventType "blitz"]
[EventCountry "ROU"]
[SourceTitle "playchess.com"]
[Source "ChessBase"]
[SourceQuality "1"]
[TimeControl "180+2"]

1. d4 Nf6 2. c4 c5 3. d5 b5 4. cxb5 a6 5. bxa6 Bxa6 6. Nc3 g6 7. e4 Bxf1 8. Kxf1 d6 9. g3 Bg7 10. Kg2 O-O 11. Nf3 Nbd7 12. a4 {[%emt 0:00:02] A59: Benko/Volga Gambit: White castles by hand.} Ra6 13. Qe2 Qa8 14. Bd2 {[%emt 0:00:02] White is slightly better.} e6 15. dxe6 fxe6 16. Rhd1 d5 17. exd5 exd5 18. Bf4 (18. Nb5 $11 Rxa4 19. Nc7) 18... d4 $15 {[%emt 0:00:00] [#]} 19. Qc4+ $146 (19. Nb5 $15 Nd5 20. Bd6) ({Predecessor:} 19. Nb5 Nd5 20. Rac1 Rxf4 21. Qc4 Rf7 22. Ng5 Ne3+ {0-1 (22) Vusatiuk,V (2323)-Soto Vega,J (2363) Chess.com INT 2020}) 19... Kh8 $19 20. Ne2 Nh5 $2 (20... g5 $19 {and Black stays clearly on top.} 21. Kg1 gxf4) 21. b4 $2 {[%emt 0:00:25] This costs White the game.} (21. Kg1 $17) 21... Nxf4+ $2 (21... Rxa4 22. Rxa4 Qxa4 23. Rd3 $17) (21... Ne5 22. Bxe5 Qxf3+ 23. Kg1 Qxf2+ 24. Kh1 Qf3+ 25. Kg1 Qe3+ 26. Kh1 Qxe5) 22. Nxf4 g5 ({Worse is} 22... Rxa4 23. Rxa4 Qxa4 24. Re1 $11) 23. Nd5 {[%emt 0:00:31] [#]} (23. Qd5 gxf4 24. Qxa8 Rfxa8 25. bxc5) 23... Rxf3 $1 {[%emt 0:00:05][%mdl 576] Remove Defender, Decoy} 24. Kxf3 (24. Kg1 Rxa4) 24... Ne5+ {[%emt 0:00:01] Weighted Error Value: White=1.77/Black=1.00} (24... Rxa4 $2 25. Rxa4 Qxa4 26. Re1 Ne5+ {[#]} 27. Rxe5 $1 Bxe5 28. Qxc5 $18) 0-1

[Event "Romanian Team Blitz Open 2022"]
[Site "Sebes"]
[Date "2022.12.04"]
[Round "7.25"]
[White "Neacsu, Mircea"]
[Black "Ardelean, George-Catalin"]
[Result "0-1"]
[ECO "D05"]
[WhiteElo "1901"]
[BlackElo "2473"]
[Annotator "TA"]
[PlyCount "64"]
[EventDate "2022.12.04"]
[EventType "blitz"]
[EventCountry "ROU"]
[SourceTitle "playchess.com"]
[Source "ChessBase"]
[SourceQuality "1"]
[TimeControl "180+2"]

1. d4 d5 2. Nf3 e6 3. e3 Nf6 4. Bd3 c5 5. c3 Bd6 6. Nbd2 O-O 7. O-O Nc6 8. dxc5 Bxc5 9. e4 h6 10. e5 {[%emt 0:00:00] D05: Colle System with ...e6.} (10. h3 $11) 10... Nd7 $15 11. Qe2 Qc7 (11... Bb6 $1 $15) 12. Re1 $11 {[%emt 0:00:00] The position is equal.} f5 {[%emt 0:00:00] [#]} (12... Bb6 $11 {was preferrable.}) 13. Nb3 $146 ({Predecessor:} 13. exf6 Nxf6 14. h3 Bd7 15. Nb3 Bb6 16. Be3 Ne5 17. Nxe5 Qxe5 18. Bxb6 {½-½ (18) Truong,H (1832)-De Lagontrie,J (1978) Paris 2010}) 13... b6 14. h4 (14. Nbd4 $14 Bxd4 15. cxd4) 14... Be7 $1 15. h5 Nc5 16. Nxc5 bxc5 17. Bf4 Qd8 18. Rad1 Qe8 19. Nh2 a5 (19... Rb8 $15) 20. b3 (20. g4 $1 $11) 20... a4 $17 21. Nf1 axb3 22. axb3 Na5 (22... d4 $17 23. Bb5 dxc3) 23. Bc2 (23. g4 $15) 23... Ba6 (23... Bb7 {is interesting.} 24. g4 d4 25. gxf5 Qc6) 24. Qf3 Rb8 (24... Bb7 $17) 25. Rb1 (25. g4 $11) 25... Qf7 (25... Nc6 $15) 26. Ng3 (26. Ra1 $11 Bd8 27. Nd2) 26... Rb6 27. Rb2 Rfb8 $2 {[%emt 0:00:01] [#]} (27... Nc6 $17 {keeps the pressure on.} 28. Ra2 Bb7) 28. Reb1 $2 (28. Nxf5 $1 $16 {and life is bright.} Bg5 29. Ra2) 28... Bb7 (28... Rc8 $17 29. Ra2 Nc6) 29. Qd1 (29. Nxf5 $1 $11 {keeps the balance.} Bg5 30. Bxg5 hxg5 31. Nd6 Qxf3 32. gxf3) 29... Bc6 ({Black should play} 29... Rd8 $17 30. Qe1 Ba6) 30. Qd2 $2 {[%emt 0:00:05] [#]} (30. Ra1 $15 Rb5 31. Nf1) 30... Bf8 $2 (30... Nc4 $1 $19 {[%cal Rc4d2][%mdl 512] and Black stays clearly on top.} 31. bxc4 Rxb2 32. Rxb2 Rxb2) 31. c4 {[%emt 0:00:02][%mdl 8192] [#]} (31. Qe2 $17) 31... Nxc4 $1 $19 32. Ra2 (32. bxc4 Rxb2) 32... Nxd2 {[%emt 0:00:01] Weighted Error Value: White=1.00/Black=0.49} 0-1